 Dungeon Sprint DCSS version 0.29-a0-512-gf59ac788ac (webtiles) character file.

Game seed: 5486931473548835750

342 mhtbhm the Grappler (level 6, -8/61 HPs)
             Began as a Troll Transmuter on May 29, 2022.
             Was an Initiate of Gozag.
             Mangled by a tyrant leech (14 damage)
             ... in the Dungeon (Sprint VII: "The Pits").
             The game lasted 00:02:25 (875 turns).

mhtbhm the Grappler (Troll Transmuter)               Turns: 875, Time: 00:02:26

Health: -8/61      AC:  4    Str: 21    XL:     6   Next: 30%
Magic:  8/10       EV: 11    Int:  9    God:    Gozag
Gold:   891        SH:  0    Dex: 10    Spells: 2/12 levels left

rFire   . . .      SeeInvis .     - Unarmed
rCold   . . .      Faith    .   (no shield)
rNeg    . . .      Spirit   .   a - +0 robe
rPois   .          Reflect  .   (helmet currently unavailable)
rElec   .          Harm     .   (no cloak)
rCorr   .          Rampage  .   (gloves unavailable)
Will    .....      NoTele   +   (boots unavailable)
Stlth   +.........              (no amulet)
HPRegen 1.00/turn               (no ring)
MPRegen 0.12/turn               (no ring)

@: appendages (expiring), wereblooded
A: horns 2, talons 2, large, unfitting armour, claws 3, regeneration 1, shaggy
fur 1, tough skin 1
a: End Transformation, Renounce Religion, Potion Petition, Call Merchant, Bribe
Branch


You were in the Dungeon.
You worshipped Gozag.
Gozag was pleased with you.
You had temporarily grown beastly horns and talons.
You visited 1 branch You collected 891 gold pieces.

Inventory:

Armour
 a - a +0 robe (worn)
Scrolls
 h - a scroll of blinking
 j - 5 scrolls of amnesia
 k - a scroll of summoning
Potions
 b - a potion of lignification
 c - 5 potions of curing
 d - 3 potions of heal wounds
 e - a potion of haste
 f - 4 potions of magic
 g - 3 potions of berserk rage
 i - 2 potions of invisibility


   Skills:
 + Level 3.2 Fighting
 + Level 4.6 Dodging
 + Level 0.5 Stealth
 + Level 8.7 Unarmed Combat
 + Level 3.8 Spellcasting
 + Level 4.6 Transmutations


You had 2 spell levels left.
You knew the following spells:

 Your Spells              Type           Power      Damage    Failure   Level
a - Beastly Appendage     Tmut           20%        N/A       4%          1
b - Wereblood             Tmut           10%        N/A       6%          2
c - Spider Form           Tmut/Pois      5%         N/A       32%         3
d - Ice Form              Ice/Tmut       5%         N/A       71%         4

Your spell library contained the following spells:

 Spells                   Type           Power      Damage    Failure   Level


Dungeon Overview and Level Annotations

Branches:
Dungeon (1/1)

Altars:
Ashenzari
Cheibriados
Dithmenos
Elyvilon
Fedhas
Gozag
Hepliaklqana
Kikubaaqudgha
Makhleb
Nemelex Xobeh
Okawaru
Qazlal
Ru
Sif Muna
Trog
Uskayaw
Vehumet
Wu Jian
Xom
Yredelemnul
Zin
The Shining One
Beogh
Jiyva
Lugonu


Innate Abilities, Weirdness & Mutations

You have temporarily grown beastly horns and talons.
You are too large for most types of armour.
You have claws for hands.
Your natural rate of healing is unusually fast.
You are covered in fur. (AC +1)
You have tough skin. (AC +1)


Message History

Unknown command.
There is an open door here.
You close the door.
You start resting.
Your primal bloodlust is almost over.
You start resting.
Your primal bloodlust has ended.
You start resting.
Magic restored.
You start resting.
HP restored.
You start waiting.
Done waiting.
You open the door.
There is an open door here.
Casting: Wereblood (safe; 6% risk of failure)
Confirm with . or Enter, or press ? or * to list all spells.
You grow a pair of large bovine horns.
Your feet morph into talons.
Casting: Beastly Appendage (safe; 4% risk of failure)
Confirm with . or Enter, or press ? or * to list all spells.
Your blood is infused with primal strength.
You miss the tyrant leech.
You claw the tyrant leech, but do no damage.
Your headbutt misses the tyrant leech. The tyrant leech closely misses you.
You miss the tyrant leech.
You claw the tyrant leech, but do no damage.
You mangle the tyrant leech!! Your kick misses the tyrant leech.
The tyrant leech is moderately wounded.
Your transformation is almost over.
The tyrant leech bites you!!
The tyrant leech draws strength from your injuries!
You miss the tyrant leech.
The tyrant leech is moderately wounded.
The tyrant leech bites you!!
* * * LOW HITPOINT WARNING * * *
The tyrant leech draws strength from your injuries!
You barely miss the tyrant leech. Your kick misses the tyrant leech.
You miss the tyrant leech. The tyrant leech bites you!
You die...
Your body crumbles into a pile of gold.

#..........รท'.....
#'#####'#####.....
#.#..#...'.##.....
#.#..#...#.#####'#
#.#..#####.##.....
#.#.)'...#.##.....
#.#..'...).##.....
#.#..########...<.
#@#..'[))).##.....
#w#..#[))).##.....
#)###########.....
#.).....# ######
#..###..# #.......#
##.###.##+#
#.......#.+
#..###..#'#


You could see a tyrant leech.

Vanquished Creatures
  A water moccasin (D)
  An orc warrior (D)
  An ice beast (D)
  An iguana (D)
  An adder (D)
  An ufetubus (D)
  A worm (D)
  2 orcs (D)
  A goblin (D)
  A quokka (D)
  2 ball pythons (D)
  A bat (D)
  A frilled lizard (D)
  2 kobolds (D)
  A rat (D)
18 creatures vanquished.

Notes
Turn   | Place    | Note
-------+----------+-------------------------------------------
     0 | D        | mhtbhm the Troll Transmuter began the quest for the Orb.
     0 | D        | Reached XP level 1. HP: 18/18 MP: 1/1
    22 | D        | Found a bloodstained altar of Trog.
    22 | D        | Found a shimmering blue altar of Sif Muna.
    22 | D        | Found a viscous altar of Jiyva.
    22 | D        | Found a hazy altar of Hepliaklqana.
    22 | D        | Found an opulent altar of Gozag.
    23 | D        | Found a glowing golden altar of the Shining One.
    23 | D        | Found a glowing silver altar of Zin.
    23 | D        | Found a basalt altar of Yredelemnul.
    23 | D        | Found a shimmering altar of Xom.
    23 | D        | Found an ornate altar of the Wu Jian Council.
    23 | D        | Found a sacrificial altar of Ru.
    23 | D        | Found a stormy altar of Qazlal.
    23 | D        | Found an iron altar of Okawaru.
    23 | D        | Found a sparkling altar of Nemelex Xobeh.
    23 | D        | Found a burning altar of Makhleb.
    23 | D        | Found a blossoming altar of Fedhas.
    23 | D        | Found a white marble altar of Elyvilon.
    23 | D        | Found a shadowy altar of Dithmenos.
    23 | D        | Found a snail-covered altar of Cheibriados.
    25 | D        | Found a radiant altar of Vehumet.
    25 | D        | Found a corrupted altar of Lugonu.
    26 | D        | Found a hide-covered altar of Uskayaw.
    26 | D        | Found an ancient bone altar of Kikubaaqudgha.
    26 | D        | Found a broken altar of Ashenzari.
    44 | D        | Became a worshipper of Gozag Ym Sagoz the Greedy
    84 | D        | Reached skill level 4 in Unarmed Combat
    84 | D        | Reached XP level 2. HP: 21/26 MP: 0/3
   146 | D        | Learned a level 2 spell: Wereblood
   174 | D        | Reached skill level 1 in Fighting
   267 | D        | Reached skill level 5 in Unarmed Combat
   267 | D        | Reached XP level 3. HP: 33/33 MP: 0/5
   268 | D        | Noticed a water moccasin
   271 | D        | Noticed an orc warrior
   287 | D        | Killed a water moccasin
   288 | D        | Reached skill level 7 in Unarmed Combat
   288 | D        | Reached XP level 4. HP: 29/42 MP: 1/7
   288 | D        | Reached XP level 5. HP: 33/49 MP: 1/8
   302 | D        | Killed an orc warrior
   303 | D        | Reached skill level 8 in Unarmed Combat
   432 | D        | Learned a level 3 spell: Spider Form
   437 | D        | Learned a level 4 spell: Ice Form
   441 | D        | Noticed an ice beast
   444 | D        | Killed an ice beast
   445 | D        | Reached XP level 6. HP: 61/61 MP: 4/10
   445 | D        | Noticed a tyrant leech
   699 | D        | HP: 2/61 [tyrant leech (7)]
   875 | D        | Mangled by a tyrant leech

Illustrated notes

Levels and vault maps discovered:
D:        pitsprint [storerooms_1, entrance_room_1, metal_vault_8, armoury_1,
          mini_pit_1, grid_room_1, main_hall_1, silver_pit, the_coven_2,
          the_vestibule_1, steel_vault_2, golden_pit, hallway_of_sentries,
          crystal_vault_6, iron_vault_1, final_vault]

Skill      XL: |  1  2  3  4  5 |
---------------+----------------+-----
Dodging        | 2 3 4 |  4.6
Unarmed Combat | 4 5 7 8 |  8.7
Transmutations | 2 3 4 |  4.6
Fighting       | 1 2 3 |  3.2
Spellcasting   | 2 3 |  3.8
Stealth        | |  0.5

Action                   |  1- 3 |  4- 6 || total
-------------------------+-------+-------++-------
Melee: Unarmed           |    39 |    51 ||    90
       Kick              |     5 |     7 ||    12
       Headbutt          |     3 |     3 ||     6
       Punch             |       |     1 ||     1
 Cast: Beastly Appendage |     6 |     4 ||    10
       Wereblood         |     2 |     3 ||     5
       Spider Form       |       |     2 ||     2
  Use: Potion            |     2 |     2 ||     4
 Stab: Sleeping          |       |     1 ||     1
Armor: Robe              |    13 |     3 ||    16
Dodge: Dodged            |    28 |    15 ||    43

Table legend: (Time is in decaauts)
 A = Elapsed time spent in this place.
 B = Non-inter-level travel time spent in this place.
 C = Inter-level travel time spent in this place.
 D = Time resting spent in this place.
 E = Time spent auto-exploring this place.
 F = Levels seen in this place.
 G = Mean time per level.
                   A        B        C        D        E       F      G
               +--------+--------+--------+--------+--------+-----+--------+
         Total |    864 |    864 |      0 |    498 |      0 |   1 |  864.0 |
       Dungeon |    864 |    864 |      0 |    498 |      0 |   1 |  864.0 |
               +--------+--------+--------+--------+--------+-----+--------+

Top non-repeatable levels by time:
       D: 864 daAuts
